 Dungeon Crawl Stone Soup version 0.19-a0-1091-g463c9de (webtiles) character file.

4104 epen the Destroyer (level 10, 0/83 HPs)
             Began as a Mottled Draconian Conjurer on Aug 7, 2016.
             Slain by an unseen horror (3 damage)
             ... on level 7 of the Dungeon.
             The game lasted 00:25:06 (9971 turns).

epen the Destroyer (Mottled Draconian Conjurer)     Turns: 9971, Time: 00:25:07

Health: 0/83       AC: 10    Str: 10    XL:     10   Next: 6%
Magic:  21/21      EV: 14    Int: 19    God:
Gold:   288        SH:  0    Dex: 12    Spells: 5 memorised, 10 levels left

rFire  . . .     SeeInvis .     q - +2 dagger (drain)
rCold  . . .     Gourm    .     (armour unavailable)
rNeg   . . .     Faith    .     (no shield)
rPois  .         Spirit   .     (helmet restricted)
rElec  .         Dismiss  .     l - +1 cloak
rCorr  .         Reflect  .     d - +0 pair of gloves
SustAt .         Harm     .     (no boots)
MR     .....                    (no amulet)
Stlth  ++........               (no ring)
                                (no ring)

@: flying, very slightly contaminated, hasted, very quick
A: breathe sticky flame splash, unfitting armour, big wings, cold-blooded, AC +7
a: Breathe Sticky Flame, Stop Flying


You were on level 7 of the Dungeon.
You were not hungry.

You visited 2 branches of the dungeon, and saw 10 of its levels.

You collected 474 gold pieces.
You spent 186 gold pieces at shops.

Inventory:

Hand Weapons
 h - a +0 dagger
 q - a +2 dagger of draining (weapon)
Armour
 d - a +0 pair of gloves (worn)
 l - a +1 cloak (worn)
Jewellery
 w - an uncursed amulet of rage {unknown}
 x - an uncursed ring of positive energy {unknown}
 D - a +5 amulet of reflection {unknown}
Wands
 y - a wand of slowing (21/48)
 B - a wand of flame (4/48)
 C - a wand of enslavement (14/24)
Scrolls
 f - 4 scrolls of identify
 g - 2 scrolls of remove curse
 t - a scroll of amnesia
 u - 3 scrolls of recharging {unknown}
 v - a scroll of fog
 F - a scroll of magic mapping
 G - a scroll of acquirement {unknown}
Potions
 e - a potion of ambrosia
 i - 2 potions of mutation {unknown}
 j - a potion of invisibility
 k - 2 potions of magic
 o - 2 potions of resistance {unknown}
 p - a potion of berserk rage {unknown}
 r - 2 potions of haste
 s - 2 potions of brilliance {unknown}
 z - a potion of might {unknown}
Books
 a - a book of Conjurations

   Spells                             Type                      Level
   a - Magic Dart                     Conjuration                  1
   b - Searing Ray                    Conjuration                  2
   c - Dazzling Spray                 Conjuration/Hexes            3
   d - Fulminant Prism                Conjuration/Hexes            4
   e - Iskenderun's Mystic Blast      Conjuration                  4
   f - Iskenderun's Battlesphere      Conjuration/Charms           5
 m - a book of Transfigurations

   Spells                             Type                      Level
   a - Irradiate                      Conjuration/Transmutation    5
   b - Statue Form                    Transmutation/Earth          6
   c - Hydra Form                     Transmutation                6
   d - Dragon Form                    Transmutation                7
Comestibles
 b - 5 bread rations
 n - a beef jerky
 A - 3 fruits
 E - 4 chunks of flesh


   Skills:
 + Level 5.9 Fighting
 + Level 5.5 Dodging
 - Level 1.7 Stealth
 * Level 7.5 Spellcasting
 * Level 8.8 Conjurations
 + Level 4.4 Hexes


You had 10 spell levels left.
You knew the following spells:

 Your Spells              Type           Power        Failure   Level  Hunger
a - Magic Dart            Conj           ####         1%          1    None
b - Searing Ray           Conj           #####.       1%          2    None
c - Dazzling Spray        Conj/Hex       ####..       1%          3    #......
d - Fulminant Prism       Conj/Hex       ####......   8%          4    ###....
e - Iskenderun's Mystic   Conj           #####...     2%          4    ###....


Dungeon Overview and Level Annotations

Branches:
Dungeon (9/15)             Temple (1/1) D:7
   Lair: D:8-11         Orc: D:9-12

Altars:
Ashenzari
Cheibriados
Dithmenos
Elyvilon
Fedhas
Gozag
Hepliaklqana
Kikubaaqudgha
Makhleb
Nemelex Xobeh
Okawaru
Pakellas
Qazlal
Ru
Sif Muna
Trog
Uskayaw
Xom
Yredelemnul
Zin
The Shining One

Shops:
D:4 *


Innate Abilities, Weirdness & Mutations

You can spit globs of burning liquid.
You can ignite nearby creatures when you spit burning liquid.
Your weird mottled scales are hard. (AC +7)
Your body does not fit into most forms of armour.
You are cold-blooded and may be slowed by cold attacks.
Your large and strong wings let you fly indefinitely.


Message History

Okay, then.
Something hits you but does no damage. Something hits you.
* * * LOW HITPOINT WARNING * * *
Something hits you.
* * * LOW HITPOINT WARNING * * *
You feel better. Something hits you but does no damage.
You feel yourself speed up. Something hits you.
* * * LOW HITPOINT WARNING * * *
You are very lightly contaminated with residual magic.
Something hits you.
* * * LOW HITPOINT WARNING * * *
Something hits you.
* * * LOW HITPOINT WARNING * * *
Something hits you.
* * * LOW HITPOINT WARNING * * *
Something hits you.
* * * LOW HITPOINT WARNING * * *
It was a potion of magic.
Magic courses through your body. Something hits you.
You die...

#######################
#(!(#.....#.....#.....#
#.).#.....#..@..#.....#
#$.!#..#..#..#..#..#..#
#'###..#..#..#..#..#..#
#.*....#.....#.....#..#
#......#.....#.....#..#
######################..#
#...................)(.(#
#...))................(.#
#.####################..#


There were no monsters in sight!

Vanquished Creatures
  Pikel (D:7)
  The ghost of eragonby the Shield-Bearer, a novice GrFi (D:6)
  The ghost of Tungsten the Cutter, a novice KoAs of Pakellas (D:4)
  Grinder (D:3)
  The ghost of FrancescoMac the Cudgeler, an amateur OgBe of Trog (D:3)
  Sigmund (D:6)
  Eustachio (D:5)
  4 slaves (D:7)
  3 orc warriors
  A phantom (D:5)
  4 ogres
  2 ice beasts (D:7)
  A necrophage (D:5)
  3 centaurs
  2 giant frogs
  2 scorpions
  3 crimson imps
  3 hounds
  5 orc priests
  6 orc wizards
  A centaur skeleton (D:7)
  Jessica (D:2)
  Terence (D:3)
  5 worker ants
  2 iguanas
  Ijyb (D:2)
  A hound skeleton (D:7)
  Robin (D:3)
  3 gnolls
  A worker ant zombie (D:7)
  4 adders
  An ooze (D:3)
  An adder zombie (D:7)
  5 adder skeletons
  A worm (D:2)
  A dart slug (D:1)
  8 giant geckos
  25 orcs
  6 giant cockroaches
  16 goblins
  17 hobgoblins
  2 jackals (D:5)
  7 quokkas
  A ball python (D:3)
  8 bats
  A giant gecko zombie (D:5)
  4 giant newts
  11 kobolds
  9 rats
191 creatures vanquished.

Vanquished Creatures (others)
  A hippogriff (D:7)
  29 fulminant prisms
  A plant (D:3)
31 creatures vanquished.

Grand Total: 222 creatures vanquished

Notes
Turn   | Place    | Note
-------+----------+-------------------------------------------
     0 | D:1      | epen the Draconian Conjurer began the quest for the Orb.
     0 | D:1      | Reached XP level 1. HP: 14/14 MP: 3/3
   509 | D:1      | Reached XP level 2. HP: 19/20 MP: 1/5
   527 | D:1      | Learned a level 2 spell: Searing Ray
  1396 | D:2      | Noticed Jessica
  1415 | D:2      | Killed Jessica
  1415 | D:2      | Reached skill level 1 in Fighting
  1415 | D:2      | Reached XP level 3. HP: 28/28 MP: 0/6
  1481 | D:2      | Learned a level 3 spell: Dazzling Spray
  1626 | D:2      | Found an oddly glowing altar of Pakellas.
  1841 | D:2      | Reached XP level 4. HP: 32/35 MP: 5/7
  1867 | D:2      | Noticed Ijyb
  2302 | D:2      | Killed Ijyb
  2302 | D:2      | Reached skill level 5 in Conjurations
  2706 | D:2      | Found a basalt altar of Yredelemnul.
  2808 | D:2      | Found a glowing golden altar of the Shining One.
  2963 | D:3      | Noticed Terence
  3060 | D:3      | Killed Terence
  3060 | D:3      | Reached XP level 5. HP: 35/41 MP: 0/9
  3302 | D:3      | Learned a level 4 spell: Fulminant Prism
  3512 | D:3      | Noticed FrancescoMac's ghost (amateur OgBe)
  3579 | D:3      | Found a hide-covered altar of Uskayaw.
  3651 | D:3      | Reached XP level 6. HP: 37/48 MP: 4/11
  3962 | D:3      | Found an oddly glowing altar of Pakellas.
  3966 | D:3      | Noticed an orc warrior
  4001 | D:3      | Killed an orc warrior
  4001 | D:3      | Reached skill level 1 in Hexes
  4285 | D:3      | Noticed Grinder
  4300 | D:3      | Paralysed by Grinder for 2 turns
  4306 | D:3      | Gained mutation: Your large and strong wings let you fly indefinitely. [potion of beneficial mutation]
  4334 | D:3      | Killed Grinder
  4334 | D:3      | Reached skill level 6 in Conjurations
  4334 | D:3      | Your scales start taking on a weird mottled colour.
  4334 | D:3      | Reached XP level 7. HP: 39/56 MP: 1/13
  4604 | D:3      | Noticed Robin
  4609 | D:3      | Killed Robin
  5192 | D:3      | Killed FrancescoMac's ghost
  5771 | D:4      | Found Evas's Assorted Antiques.
  5782 | D:4      | Bought a scroll labeled ORUTWAO GEXZOST for 31 gold pieces
  5782 | D:4      | Bought an onyx ring for 155 gold pieces
  6009 | D:4      | Reached skill level 5 in Spellcasting
  6009 | D:4      | Reached XP level 8. HP: 36/64 MP: 1/15
  6397 | D:4      | Noticed Tungsten's ghost (novice KoAs)
  6412 | D:4      | Killed Tungsten's ghost
  6412 | D:4      | Reached skill level 7 in Conjurations
  6756 | D:5      | Entered Level 5 of the Dungeon
  6834 | D:5      | Noticed Eustachio
  6921 | D:5      | Killed Eustachio
  7605 | D:5      | Reached XP level 9. HP: 46/73 MP: 10/18
  7868 | D:5      | Learned a level 4 spell: Iskenderun's Mystic Blast
  7943 | D:6      | You are sucked into a shaft for 3 floors!
  8076 | D:6      | Reached skill level 5 in Fighting
  8247 | D:6      | Noticed eragonby's ghost (novice GrFi)
  8299 | D:6      | Killed eragonby's ghost
  8299 | D:6      | Reached skill level 8 in Conjurations
  8577 | D:6      | Noticed Sigmund
  8595 | D:6      | Killed Sigmund
  8621 | D:6      | Found a glowing silver altar of Zin.
  8622 | D:6      | Found a burning altar of Makhleb.
  8623 | D:6      | Noticed a cacodemon
  8624 | D:6      | Noticed an angel
  8649 | D:6      | Reached skill level 5 in Dodging
  8924 | D:7      | Noticed Pikel
  8935 | D:7      | Killed Pikel
  8946 | D:7      | Found a staircase to the Ecumenical Temple.
  8959 | Temple   | Entered the Ecumenical Temple
  9762 | D:7      | Reached XP level 10. HP: 66/83 MP: 17/21
  9970 | D:7      | HP: 3/83 [something (6)]
  9971 | D:7      | Slain by an unseen horror

Vault maps used:
D:1:      lightli_arrival_flooded_house, st_stairs_6, grunt_decor_clamped,
          corexii_item_surrounded_by_moat
D:2:      nicolae_tso_swordbearing_angel, lemuel_round_altar,
          grunt_pakellas_salt, uniq_jessica, uniq_iyjb
D:3:      lemuel_round_altar, nicolae_overflow_hidden_temple, serial_forest,
          infiniplex_forest_end_2, infiniplex_forest_clump_long,
          infiniplex_forest_straight_1, infiniplex_forest_pool,
          infiniplex_forest_end_2, first_bread, minmay_divided_ellipse,
          uniq_terence, uniq_grinder, uniq_robin
D:4:      serial_shops, nicolae_shop_statue_plus, st_stairs_7,
          corexii_hall_statues_i
D:5:      uniq_eustachio
D:6:      grunt_temple_overflow_order_and_chaos_2, uniq_sigmund
D:7:      kennysheep_windowed_halls, fiery_altar_vehumet, grunt_livestock,
          elyvilon_altar_1, uniq_prince_ribbit1, uniq_pikel
D:8:      serial_shops, nicolae_shop_trees
D:9:      lair_0_dummy, kennysheep_cross_room
Temple:   regret_index_temple_generic_petals

Skill      XL: |  1  2  3  4  5  6  7  8  9 |
---------------+----------------------------+-----
Dodging        | 2 3 4 5 |  5.5
Fighting       | 1 2 3 4 5 |  5.9
Spellcasting   | 3 4 5 6 7 |  7.5
Conjurations   | 5 6 7 8 |  8.8
Hexes          | 1 2 3 4 |  4.4
Stealth        | |  1.7

Action                   |  1- 3 |  4- 6 |  7- 9 | 10-12 || total
-------------------------+-------+-------+-------+-------++-------
Melee: Unarmed           |    72 |     6 |       |       ||    78
       Tailslap          |    12 |    25 |    33 |     8 ||    78
       Dagger            |    46 |   272 |   431 |    50 ||   799
 Cast: Magic Dart        |    36 |    10 |     7 |       ||    53
       Searing Ray       |     4 |     2 |       |       ||     6
       Dazzling Spray    |     3 |    30 |    45 |     1 ||    79
       Fulminant Prism   |       |       |    25 |     4 ||    29
       Iskenderun's Myst |       |       |     1 |       ||     1
 Abil: Fly               |       |       |     1 |       ||     1
       Breathe Sticky Fl |       |       |     5 |     1 ||     6
  Use: Potion            |       |     5 |     1 |     4 ||    10
       Scroll            |       |     1 |     9 |       ||    10
 Stab: Sleeping          |     3 |       |     1 |       ||     4
       Invisible         |     1 |     9 |     7 |     1 ||    18
       Distracted        |       |       |       |     1 ||     1
  Eat: Chunk             |     4 |    11 |    18 |     2 ||    35
       Royal jelly       |       |       |     1 |       ||     1
       Beef jerky        |       |       |     1 |       ||     1
       Meat ration       |       |       |     1 |       ||     1
Armor: Skin              |    41 |    84 |   156 |    29 ||   310
Dodge: Dodged            |    97 |   159 |   328 |    39 ||   623
